Map: Blueshift LE

Players

ShoWTimE - Winner!

  • Race: Protoss Protoss
  • League: Grandmaster
  • Spawn Location: 1:00

llllllllllll (GuMiho)

  • Race: Terran Terran
  • Spawn Location: 7:00

Event: IEM Season 13 - Katowice Server Qualifiers Europe

VOD

Have the link to the VOD?

Description

Time

  • Played on: Jan. 8, 2019, 11:59 a.m.
  • Length: 6:39

All games in this series

Show
View Real Time Build Order
Export as new Build Order

ShoWTimE Protoss - Winner!

Build Orders: 1 Gate Expand 

Get SALT Encoding   

  12  0:00  Probe  
  13  0:12  Probe  
  14  0:17  Pylon  
  14  0:24  Probe  
  15  0:32  Probe  
  15  0:37  Gateway  
  15  0:40  Probe  
  16  0:45  Assimilator  
  17  0:51  Probe  
  18  1:03  Probe  
  19  1:15  Probe  
  20  1:24  Cybernetics Core  
  20  1:31  Nexus  
  20  1:34  Probe  
  21  1:40  Pylon  
  21  1:47  Probe  
  22  1:48  Assimilator  
  22  1:51  Adept  
  22  1:59  Probe  
  25  2:08  Stalker  
  25  2:11  Probe  
  26  2:17  Warp Gate  
  28  2:23  Probe  
  28  2:29  Robotics Facility  
  29  2:39  Probe  
  29  2:44  Stalker  
  29  2:46  Probe  
  32  2:51  Probe  
  33  3:00  Gateway  
  33  3:09  Gateway  
  33  3:12  Observer  
  33  3:14  Stalker  
  33  3:16  Probe x2  
  38  3:24  Shield Battery  
  36  3:28  Probe x2  
  36  3:30  Observer  
  39  3:39  Probe  
  39  3:40  Probe  
  41  3:42  Pylon  
  41  3:47  Probe  
  41  3:52  Probe  
  41  3:53  Observer  
  41  3:55  Probe  
  44  3:58  Assimilator  
  44  4:02  Assimilator  
  45  4:04  Probe  
  45  4:07  Probe, Immortal, Shield Battery  
  47  4:11  Pylon  
  47  4:16  Probe  
  52  4:23  Stalker  
  54  4:30  Stalker, Pylon  
  56  4:33  Stalker  
  56  4:35  Probe  
  56  4:37  Probe  
  60  4:46  Immortal  
  60  4:47  Robotics Bay  
  63  4:59  Pylon  
  64  5:02  Stalker  
  64  5:06  Adept  
  64  5:07  Sentry  
  69  5:11  Pylon  
  69  5:15  Gateway  
  69  5:26  Disruptor  
  69  5:30  Stalker x3  
  74  5:41  Shield Battery  
  74  5:52  Pylon  
  74  5:53  Adept x3  
  80  6:01  Observer, Disruptor  
  80  6:10  Stalker  
  79  6:14  Probe  
  74  6:20  Stalker x3  
  79  6:25  Gateway  
Show
View Real Time Build Order
Export as new Build Order

llllllllllll Terran 

Build Orders: 1/1/1, Cyclone Opening 

Get SALT Encoding   

  12  0:01  SCV  
  13  0:14  SCV  
  13  0:17  Supply Depot  
  14  0:26  SCV  
  15  0:39  SCV  
  15  0:42  Barracks  
  16  0:45  Refinery  
  16  0:51  SCV  
  16  0:55  Refinery  
  17  1:03  SCV  
  18  1:15  SCV  
  19  1:29  Marine, Orbital Command  
  20  1:33  Factory  
  20  1:40  Supply Depot  
  20  1:48  Barracks Tech Lab  
  20  1:56  SCV  
  21  2:08  SCV  
  22  2:18  Starport  
  22  2:20  SCV  
  23  2:23  Cyclone  
  23  2:27  Supply Depot  
  26  2:31  Barracks Reactor  
  26  2:32  SCV  
  27  2:44  SCV  
  28  3:03  Cloaking Field, Banshee  
  31  3:12  Command Center  
  31  3:16  SCV  
  31  3:19  Factory Tech Lab  
  32  3:25  Marine, Supply Depot  
  33  3:27  Marine  
  34  3:37  Cyclone  
  37  3:46  Marine, Banshee  
  37  3:48  Marine  
  42  3:52  Supply Depot  
  42  3:55  SCV  
  43  4:05  Marine  
  43  4:06  Marine  
  43  4:07  Refinery  
  46  4:10  SCV  
  46  4:16  Siege Tank  
  49  4:22  SCV  
  50  4:26  Orbital Command  
  50  4:28  Marine  
  51  4:31  Marine  
  51  4:36  Medivac  
  54  4:40  SCV  
  55  4:46  Marine  
  55  4:49  Marine  
  55  4:52  Liberator  
  57  4:54  Siege Tank  
  57  4:55  SCV  
  57  4:57  SCV  
  62  5:04  Marine  
  63  5:07  Marine  
  67  5:15  Supply Depot  
  67  5:22  Marine  
  67  5:24  SCV  
  67  5:25  Marine  
  70  5:32  SCV  
  68  5:40  Marine  
  68  5:42  Marine  
  67  5:48  Siege Tank  
  67  5:49  Bunker  
  71  5:54  Supply Depot  
  71  6:02  Bunker  
  71  6:03  Marine  
  72  6:07  Marine  
  64  6:16  SCV x2  
  62  6:21  Marine  

Tags
 
Add a new tag
Caveats
  • Supply blocks, unpowered buildings, or Contaminate may cause inaccurate times.
  • Supply counts are checked every 10 seconds.